← All builds
Pond / Legion / Economy first / OBSERVED BUILD

Standard pond

Legion Pond build order · Supreme Isthmus

Legion Pond builds its bot lab by 3:45, boosts front and tidals, then adds a shipyard around 8:25 and an advanced metal extractor by 9:11, transitioning into seaplane gunships and other bots to keep helping the front hold until team T2.

#eco #team support · 17 distinct matches · 9 players · 26% of Legion Pond games · team won 65% of 17 · Recently observed

HOW TO PLAY IT

Key timing: Legion Bot Lab by 3:23

  1. Open with a wall of tidals, planning to boost front hard.
  2. Add mex and wind, then build Legion Bot Lab for units.
  3. Keep stacking wind to pay the front's boost needs.
  4. Eat the Legion Bot Lab around 5:12 to fund more units.
  5. Build shipyard and Advanced Metal Extractor, transition into gunships and bots.

Phase by phase

TYPICAL OF ITS 17 GAMES
  1. 1
  2. 2
  3. 3
PLAY THE OPENING

Follow the example game's first 6:00 step by step: what to build now, what comes next, and where it goes. At 1× it keeps pace with your own game.

  1. 1

    Up to the Legion Bot Lab

    Economy
    • Metal Extractor4Mex
    • Tidal Generator8Tidalfor allies
    • Tidal Generator2Tidal
    • Wind Turbine1Wind
    Order
    1. Legion Bot LabLegion Bot Lab after 4 mex, 2 tidal, 1 winddone ~3:20, middle half 3:03–3:29

    Some games also: energy storage (47%)

    By 3:03 in all: 4 mex · 2 tidal · 1 wind

    The example game in this phase · 6 steps
    1. Tidal ×6for Front
    2. Tidal
    3. Tidal ×2for Front
    4. Tidal
    5. Mex ×4
    6. Legion Bot LabLegion Bot Labdone 2:54 · typical 3:20
  2. 2

    Legion Bot Lab to 5:00

    Economy
    • Wind Turbine4Wind
    Builders
    • Construction Turret1 Con turret
    • Legion Construction Bot4 Legion Construction Bot

    Some games also: Zagreus (41%) · energy storage (35%)

    By 5:00 in all: 4 mex · 9 wind · 2 tidal · 1 energy storage · 1 con turret

    The example game in this phase · 8 steps
    1. Legion Construction BotLegion Construction Bot ×3
    2. Wind
    3. Legion Construction BotLegion Construction Bot
    4. Wind
    5. ZagreusZagreusfor Suicide front
    6. Wind ×2
    7. ZagreusZagreusfor Suicide front
    8. Wind ×5
  3. 3

    5:00 to 10:00

    Economy
    • Wind Turbine49Wind
    • Energy Converter8Converter
    Order
    1. Legion Bot LabEat Legion Bot Lab in 53% of games
    Builders
    • Construction Turret2 Con turret
    • Legion Construction Bot3 Legion Construction Bot

    Some games also: Pharos (35%)

    By 10:00 in all: 4 mex · 51 wind · 2 tidal · 9 converter · 1 energy storage · 2 con turret

    The example game in this phase · 98 steps
    1. Wind ×2
    2. Legion Bot LabEat Legion Bot Labreclaimed for its metal
    3. Advanced Metal ExtractorT2 mexdone 6:18 · typical 9:32
    4. Con turret
    5. Wind
    6. PharosPharos
    7. Wind
    8. PharosPharos
    9. Wind ×2
    10. Advanced Metal ExtractorT2 mex
    11. Wind ×2
    12. Advanced Metal ExtractorT2 mex
    13. Wind
    14. Con turret
    15. Wind ×2
    16. Con turret
    17. Wind
    18. Con turret ×2
    19. ShipyardShipyarddone 8:26
    20. Advanced Metal ExtractorT2 mex
    21. Wind ×2
    22. Construction ShipCon ship
    23. Wind ×2
    24. ShipyardEat Shipyardreclaimed for its metal
    25. Wind ×3
    26. Tidal
    27. Wind
    28. Tidal ×2
    29. Wind
    30. Tidal ×2
    31. Wind ×2
    32. Tidal
    33. Wind
    34. Tidal
    35. Offshore Seaplane PlatformOffshore Seaplane Platformdone 9:33
    36. Wind
    37. Energy storage
    38. Con turret
    39. EnyoEnyo
    40. Wind
    41. Con turret
    42. Wind
    43. Con turret
    44. EnyoEnyo
    45. Converter
    46. Wind
    47. Converter
    48. Wind
    49. EnyoEnyo
    50. Wind
    51. Converter
    52. EnyoEnyo
    53. Wind
    54. Converter
    55. EnyoEnyo
    56. Mex
    57. Converter
    58. EnyoEnyo
    59. Converter
    60. EnyoEnyo
    61. Converter
    62. EnyoEnyo
    63. Converter
    64. EnyoEnyo ×2
    65. Converter
    66. EnyoEnyo
    67. Converter ×2
    68. EnyoEnyo
    69. Converter
    70. EnyoEnyo ×2
    71. Advanced Metal ExtractorT2 mex
    72. Converter
    73. EnyoEnyo ×2
    74. Converter
    75. EnyoEnyo
    76. Converter
    77. EnyoEnyo
    78. Advanced solar
    79. EnyoEnyo ×2
    80. Advanced solar
    81. CitadelAnti-nukenot finished by 15:00
    82. AstrapiosAstrapios ×11
    83. EnyoEnyo ×3
    84. Advanced solar
    85. EnyoEnyo
    86. Wind
    87. EnyoEnyo
    88. Wind ×3
    89. EnyoEnyo
    90. Wind ×2
    91. Advanced solar
    92. Wind
    93. EnyoEnyo
    94. Wind ×4
    95. EnyoEnyo
    96. Wind ×2
    97. EnyoEnyo ×2
    98. Wind

Counts are medians over the build's games: half of them build more, half fewer. The example game is Boozha's (34 OS, 05/09/2026); pick another.

Team trades

IN AT LEAST 30% OF ITS GAMES

You hand over

  • Tidal Generator8 Tidal to Suicide front or Frontfirst at 0:11 · in 94% of games

You get

  • Advanced Construction Bot1 T2 con bot from Tech or Geofirst at 7:53 · in 88% of games

How it plays out

Typical game of this build, running totals by minute

Metal produced

010k20k
0:005:0010:0015:00

metal

Enemy metal destroyed

02k4k6k
0:005:0010:0015:00

metal

Own metal lost

01k2k3k
0:005:0010:0015:00

metal

17 games.

Show as table
ByMetal produced: This buildEnemy metal destroyed: This buildOwn metal lost: This build
1:0011500
2:0027400
3:0078100
4:00145300
5:00212500
6:00313300
7:00423200
8:005327400
9:00666119030
10:008115378140
11:0010062648200
12:00123531015720
13:001508617201260
14:001732229281815
15:001949742432740
WHAT THE NUMBERS SAY

Standard pond play with the best win rate shown, built on heavy tidal boosting for front.

  • + Team won 71% of games, highest win rate among all standard builds shown.
  • − Produces the least metal of any role's standard build by 10:00 (7958).
THE EXAMPLE YOU ARE READING

Boozha

33.5 OS · 05/09/2026

Open source match ↗

2 received units · includes a constructor
149 metal received · 67538 energy received

Allied construction assistance is unknown. Timings are observations, not a promise of solo reproducibility.

Typical milestones

Legion Bot Lab3:20Middle 50%: 3:03–3:29 · n=16
Advanced Metal Extractor9:32Middle 50%: 8:06–9:44 · n=14

Played most by

Yamato4games of this buildBoozha3games of this buildViltrum3games of this buildKurosul2games of this buildDrSmack1game of this build